 Dungeon Crawl Stone Soup version 0.32-a0-921-g04a7ad8e02 (webtiles) character file.

Game seed: 11106771844794898487

133 Ijustatesigmund the Conjurer (level 5, 0/37 HPs)
             Began as a Gnoll Conjurer on Apr 12, 2024.
             Slain by Pikel
             ... wielding a +0 whip of flaming
              (3 damage)
             ... on level 3 of the Dungeon.
             The game lasted 00:03:08 (2755 turns).

Ijustatesigmund the Conjurer (Gnoll Conjurer)       Turns: 2755, Time: 00:03:09

Health: 0/37       AC:  3    Str:  6    XL:     5   Next: 16%
Magic:  1/12       EV: 12    Int: 19    God:
Gold:   126        SH:  0    Dex: 11    Spells: 7/14 levels left

rFire   . . .        e - +0 long sword
rCold   . . .        (no shield)
rNeg    . . .        a - +0 robe
rPois   .            i - +0 helmet
rElec   .            (no cloak)
rCorr   .            (no gloves)
SInv    .            (no boots)
Will    .....        (no amulet)
Stlth   ++           (no ring)
HPRegen 0.26/turn    (no ring)
MPRegen 0.13/turn

%: no passive effects
@: hasted, very quick
A: fangs 1, strong nose, distributed training
a: no special abilities


You were on level 3 of the Dungeon.
You visited 1 branch of the dungeon, and saw 4 of its levels.

You collected 126 gold pieces.

Inventory:

Hand Weapons
 e - a +0 long sword (weapon)
Armour
 a - a +0 robe (worn)
 i - a +0 helmet (worn)
Jewellery
 k - an amulet of reflection
 q - a ring of wizardry
Wands
 l - a wand of charming (8)
 o - a wand of quicksilver (10)
Scrolls
 c - 6 scrolls of identify {unknown}
 d - a scroll of vulnerability {unknown}
 f - a scroll of torment {unknown}
 h - a scroll of silence {unknown}
 m - 3 scrolls of enchant armour {unknown}
 n - 2 scrolls of immolation {unknown}
 r - a scroll of blinking {unknown}
Potions
 b - a potion of magic
 j - a potion of curing
 p - a potion of ambrosia {unknown}


   Skills:
 + Level 1.4 Fighting
 + Level 1.4 Short Blades
 + Level 1.4 Long Blades
 + Level 1.4 Axes
 + Level 1.4 Maces & Flails
 + Level 1.4 Polearms
 + Level 1.4 Staves
 + Level 1.4 Ranged Weapons
 + Level 1.4 Throwing
 + Level 1.4 Armour
 + Level 4.7 Dodging
 + Level 4.4 Stealth
 + Level 1.4 Shields
 + Level 1.4 Unarmed Combat
 + Level 5.2 Spellcasting
 + Level 7.2 Conjurations
 + Level 1.1 Hexes
 + Level 1.1 Summonings
 + Level 1.1 Necromancy
 + Level 1.1 Translocations
 + Level 1.1 Fire Magic
 + Level 1.1 Ice Magic
 + Level 1.1 Air Magic
 + Level 1.1 Earth Magic
 + Level 1.1 Alchemy
 + Level 1.6 Invocations
 + Level 1.4 Evocations
 + Level 1.3 Shapeshifting


You had 7 spell levels left.
You knew the following spells:

 Your Spells              Type           Power      Damage    Failure   Level
a - Magic Dart            Conj           100%       1d8       1%          1
b - Searing Ray           Conj           64%        2d6       1%          2
c - Iskenderun's Mystic Conj/Tloc 20%            2d6        (+2d3     22%         4

Your spell library contained the following spells:

 Spells                   Type           Power      Damage    Failure   Level
 Summon Small Mammal      Summ           36%        N/A       8%          1
 Call Canine Familiar     Summ           9%         N/A       22%         3
 Fulminant Prism          Conj/Alch      10%        3d9       22%         4
 Summon Blazeheart Golem  Fire/Summ      9%         N/A       58%         4


Dungeon Overview and Level Annotations

Branches:
Dungeon (4/15)
 Temple: D:4-7

Altars:

Annotations:
D:3 Pikel


Innate Abilities, Weirdness & Mutations

You have very sharp teeth.
Your uncanny sense of smell can sniff out nearby items.
Your experience applies equally to all skills.


Message History

Pikel hits you with a +0 whip of flaming.
Pikel burns you.
Without enough magic to sustain it, your searing ray dissipates.
Pikel hits you with a +0 whip of flaming.
Pikel burns you.
You slash Pikel! Your bite misses Pikel.
Pikel is heavily wounded.
Pikel hits you with a +0 whip of flaming.
Pikel burns you.
A lemure comes into view.
Pikel hits you with a +0 whip of flaming.
Pikel burns you.
You closely miss Pikel. You bite Pikel, but do no damage.
Pikel is heavily wounded.
A goblin comes into view. It is wielding a +0 dagger.
Pikel hits you with a +0 whip of flaming.
Pikel burns you.
You barely miss Pikel.
Pikel is heavily wounded.
Pikel says, "I'm sure the Orcish Mines are around here somewhere..."
Pikel hits you with a +0 whip of flaming.
Pikel burns you.
Pikel hits you with a +0 whip of flaming!
Pikel burns you.
* * * LOW HITPOINT WARNING * * *
You climb upwards.
There is a stone staircase leading down here.
It was a potion of curing.
You feel better.
Pikel hits you with a +0 whip of flaming!
* * * LOW HITPOINT WARNING * * *
Pikel burns you.
* * * LOW HITPOINT WARNING * * *
It was a potion of haste.
You feel yourself speed up.
Pikel hits you with a +0 whip of flaming.
* * * LOW HITPOINT WARNING * * *
Pikel burns you.
* * * LOW HITPOINT WARNING * * *
Pikel hits you with a +0 whip of flaming.
You die...
Pikel says, "See you in Hell!"

.....#......###.#.#...#.....#.##.
.....#......###.......#.###......
.............#......###.# #...#..
.............#.#....###.# #.###..
.............#.#......#.###.# #..
..#.....##...#..............###..
..#.....##...#...#..........#....
..+......+...+.K>#..........#.##.
..#.....##...#..@#...##.###.#....
..###........#..........# #.#....
..##.........#..........###.#.#..
####..[.....................#.###
# #.......#..##.......######.# #
##+######..##.......# #.#
#####.#### #..##.######## #.#
.........###............# #.###
........................# #....


You could see Pikel.

Vanquished Creatures
  A lemure (D:4)
  A phantom (D:4)
  An adder (D:2)
  2 dart slugs
  A ribbon worm (D:2)
  7 endoplasms
  3 giant cockroaches (D:1)
  6 hobgoblins
  A quokka (D:3)
  4 ball pythons
  6 bats
  2 frilled lizards (D:1)
  3 goblins
  6 kobolds
  4 rats
48 creatures vanquished.

Notes
Turn   | Place    | Note
-------+----------+-------------------------------------------
     0 | D:1      | Ijustatesigmund the Gnoll Conjurer began the quest for the
                  | Orb.
     0 | D:1      | Reached XP level 1. HP: 13/13 MP: 6/6
   288 | D:1      | Reached XP level 2. HP: 19/19 MP: 5/7
  1044 | D:2      | Reached skill level 5 in Spellcasting
  1044 | D:2      | Reached XP level 3. HP: 25/25 MP: 7/9
  1114 | D:2      | Learned a level 2 spell: Searing Ray
  1149 | D:2      | Reached skill level 1 in Invocations
  1489 | D:2      | Reached skill level 1 in Fighting
  1489 | D:2      | Reached skill level 1 in Short Blades
  1489 | D:2      | Reached skill level 1 in Long Blades
  1489 | D:2      | Reached skill level 1 in Axes
  1489 | D:2      | Reached skill level 1 in Maces & Flails
  1489 | D:2      | Reached skill level 1 in Polearms
  1489 | D:2      | Reached skill level 1 in Staves
  1489 | D:2      | Reached skill level 1 in Ranged Weapons
  1489 | D:2      | Reached skill level 1 in Throwing
  1489 | D:2      | Reached skill level 1 in Armour
  1489 | D:2      | Reached skill level 1 in Shields
  1489 | D:2      | Reached skill level 1 in Unarmed Combat
  1489 | D:2      | Reached skill level 1 in Evocations
  2645 | D:4      | Reached skill level 1 in Shapeshifting
  2645 | D:4      | Reached XP level 4. HP: 30/32 MP: 7/11
  2655 | D:4      | Learned a level 4 spell: Iskenderun's Mystic Blast
  2729 | D:4      | Noticed a phantom
  2730 | D:4      | Noticed Pikel
  2732 | D:4      | Noticed a lemure
  2743 | D:4      | Killed a phantom
  2744 | D:4      | Reached skill level 1 in Hexes
  2744 | D:4      | Reached skill level 1 in Summonings
  2744 | D:4      | Reached skill level 1 in Necromancy
  2744 | D:4      | Reached skill level 1 in Translocations
  2744 | D:4      | Reached skill level 1 in Fire Magic
  2744 | D:4      | Reached skill level 1 in Ice Magic
  2744 | D:4      | Reached skill level 1 in Air Magic
  2744 | D:4      | Reached skill level 1 in Earth Magic
  2744 | D:4      | Reached skill level 1 in Alchemy
  2744 | D:4      | Reached XP level 5. HP: 37/37 MP: 3/12
  2745 | D:4      | Killed a lemure
  2748 | D:4      | Noticed a lemure
  2755 | D:3      | Slain by Pikel

Illustrated notes

Levels and vault maps discovered:
D:1:      lightli_arrival_noodles, layout_basic, nicolae_titane
D:2:      layout_basic, kennysheep_doodads
D:3:      layout_basic
D:4:      layout_basic, kennysheep_pointless_box,
          minmay_a_box_with_orc_wizards_in_it, uniq_pikel, uniq_sigmund

Skill      XL: |  1  2  3  4 |
---------------+-------------+-----
Spellcasting   | 5 |  5.2
Invocations    | 1 |  1.6
Fighting       | 1 |  1.4
Short Blades   | 1 |  1.4
Long Blades    | 1 |  1.4
Axes           | 1 |  1.4
Maces & Flails | 1 |  1.4
Polearms       | 1 |  1.4
Staves         | 1 |  1.4
Ranged Weapons | 1 |  1.4
Throwing       | 1 |  1.4
Armour         | 1 |  1.4
Shields        | 1 |  1.4
Unarmed Combat | 1 |  1.4
Evocations     | 1 |  1.4
Shapeshifting  | 1 |  1.3
Hexes          | 1 |  1.1
Summonings     | 1 |  1.1
Necromancy     | 1 |  1.1
Translocations | 1 |  1.1
Fire Magic     | 1 |  1.1
Ice Magic      | 1 |  1.1
Air Magic      | 1 |  1.1
Earth Magic    | 1 |  1.1
Alchemy        | 1 |  1.1
Dodging        | |  4.7
Stealth        | |  4.4
Conjurations   | |  7.2

Action                     |  1- 3 |  4- 6 || total
---------------------------+-------+-------++-------
  Melee: Short sword       |    11 |       ||    11
         Long sword        |     3 |     3 ||     6
         Bite              |     1 |     1 ||     2
   Cast: Magic Dart        |    65 |    10 ||    75
         Searing Ray       |     1 |     2 ||     3
    Use: Potion            |       |     2 ||     2
 Armour: Robe              |    12 |    10 ||    22
  Dodge: Dodged            |    13 |       ||    13

Table legend: (Time is in decaauts)
 A = Elapsed time spent in this place.
 B = Non-inter-level travel time spent in this place.
 C = Inter-level travel time spent in this place.
 D = Time resting spent in this place.
 E = Time spent auto-exploring this place.
 F = Levels seen in this place.
 G = Mean time per level.
                   A        B        C        D        E       F      G
               +--------+--------+--------+--------+--------+-----+--------+
         Total |   2755 |   2716 |     39 |      0 |   2471 |   4 |  688.8 |
       Dungeon |   2755 |   2716 |     39 |      0 |   2471 |   4 |  688.8 |
               +--------+--------+--------+--------+--------+-----+--------+

Top non-repeatable levels by time:
     D:1: 1026 daAuts
     D:2: 888 daAuts
     D:3: 715 daAuts
     D:4: 125 daAuts
